[ AOE2 MATCH · #507814475 ]
UnrankedTeutons vs Wei
Player's team · LOSS
Rival team · WIN
[ REPLAY ANALYSIS · EXTRACTED FROM THE RECORDED GAME ]
Feudal
8:40
Castle
29:56
Imperial
—
| APM avg | 59.2 |
| APM peak | 93 |
| eAPM avg | 23.1 |
| Villagers / military | 59 / 21 |
Focus
⚔️ 32.6% · 🌾 67.4%
Knight ×8 · Spearman ×7 · Scout Cavalry ×6
Feudal
9:16
Castle
27:37
Imperial
—
| APM avg | 36.0 |
| APM peak | 96 |
| eAPM avg | 20.4 |
| Villagers / military | 66 / 20 |
Focus
⚔️ 32.7% · 🌾 67.3%
Scout Cavalry ×11 · Spearman ×5 · Unknown (1949) ×5 · Monk ×2 · Battering Ram ×2 · Unknown (1944) ×2
Match map
Initial resources + every placement click. Lines = walls · curves = elevation contours. ◆ gold · ⬟ stone · ● berries · ✦ relic · ◌ wall gap
Your base· Open — unwalled flank
Private's base· ✓ Closed at 27:37 · 25t walls · 2 gate(s)
Smoothed initial terrain · ◌ = detected wall gap · hover for details
Inputs per minute
— Guthrie_Govan - - Private
Build order — Guthrie_Govan
First 150 of 203 actions detected
| 0:00 | Create | Villager (Male) |
| 0:00 | Create | Villager (Male) |
| 0:00 | Create | Villager (Male) |
| 0:01 | Create | Villager (Male) |
| 0:02 | Build | House |
| 0:03 | Build | House |
| 1:27 | Create | Villager (Male) |
| 1:55 | Create | Villager (Male) |
| 2:26 | Build | Lumber Camp |
| 2:34 | Create | Villager (Male) |
| 2:37 | Create | Villager (Male) |
| 2:59 | Create | Villager (Male) |
| 3:20 | Create | Villager (Male) |
| 3:41 | Create | Villager (Male) |
| 4:00 | Build | House |
| 4:34 | Create | Villager (Male) |
| 4:34 | Create | Villager (Male) |
| 4:45 | Build | Mining Camp |
| 4:48 | Build | Mining Camp |
| 5:05 | Create | Villager (Male) |
| 5:17 | Create | Villager (Male) |
| 5:17 | Create | Villager (Male) |
| 6:30 | Research | Feudal Age |
| 6:31 | Research | Feudal Age |
| 7:09 | Research | Loom |
| 7:09 | Research | Loom |
| 7:47 | Build | House |
| 8:07 | Build | House |
| 8:40 | Age | Feudal Age |
| 8:43 | Build | Watch Tower |
| 8:44 | Create | Villager (Male) |
| 8:45 | Research | Double-Bit Axe |
| 9:13 | Build | Watch Tower |
| 9:34 | Create | Villager (Male) |
| 9:36 | Build | Blacksmith |
| 9:56 | Build | Watch Tower |
| 10:04 | Build | Palisade Wall |
| 10:05 | Build | Palisade Wall |
| 10:06 | Build | Palisade Wall |
| 10:48 | Create | Villager (Male) |
| 11:00 | Build | Watch Tower |
| 11:08 | Create | Villager (Male) |
| 11:18 | Build | Mill |
| 12:20 | Build | Farm |
| 12:22 | Build | Farm |
| 12:25 | Create | Villager (Male) |
| 12:25 | Create | Villager (Male) |
| 12:54 | Build | Farm |
| 13:16 | Research | Fletching |
| 13:16 | Research | Fletching |
| 13:47 | Create | Villager (Male) |
| 14:13 | Create | Villager (Male) |
| 14:13 | Create | Villager (Male) |
| 14:17 | Build | Farm |
| 14:17 | Create | Villager (Male) |
| 14:46 | Create | Villager (Male) |
| 14:54 | Build | Farm |
| 15:07 | Build | Farm |
| 15:08 | Create | Villager (Male) |
| 15:28 | Create | Villager (Male) |
| 15:33 | Build | Barracks |
| 15:56 | Create | Villager (Male) |
| 15:57 | Create | Villager (Male) |
| 15:59 | Build | Farm |
| 16:23 | Build | House |
| 16:33 | Create | Villager (Male) |
| 16:55 | Create | Villager (Male) |
| 17:06 | Create | Villager (Male) |
| 17:16 | Build | Stable |
| 17:18 | Create | Villager (Male) |
| 17:37 | Create | Villager (Male) |
| 17:54 | Create | Villager (Male) |
| 17:54 | Create | Villager (Male) |
| 18:12 | Build | House |
| 18:13 | Create | Scout Cavalry |
| 18:13 | Create | Scout Cavalry |
| 18:13 | Create | Scout Cavalry |
| 18:35 | Create | Villager (Male) |
| 18:39 | Build | Farm |
| 18:51 | Build | House |
| 18:55 | Create | Spearman |
| 19:24 | Create | Villager (Male) |
| 19:31 | Create | Spearman |
| 20:05 | Build | House |
| 20:06 | Create | Villager (Male) |
| 20:22 | Research | Stone Mining |
| 20:22 | Research | Stone Mining |
| 20:42 | Build | House |
| 21:02 | Create | Villager (Male) |
| 21:23 | Build | Watch Tower |
| 21:29 | Create | Villager (Male) |
| 21:30 | Create | Scout Cavalry |
| 21:31 | Create | Spearman |
| 21:31 | Create | Spearman |
| 21:44 | Create | Villager (Male) |
| 21:48 | Build | Mining Camp |
| 21:50 | Build | Farm |
| 22:00 | Create | Villager (Male) |
| 22:07 | Build | Palisade Wall |
| 22:46 | Build | Stone Wall |
| 22:46 | Build | Stone Wall |
| 22:47 | Build | Stone Wall |
| 22:47 | Build | Stone Wall |
| 22:50 | Build | House |
| 23:13 | Create | Scout Cavalry |
| 23:14 | Create | Spearman |
| 23:38 | Create | Spearman |
| 23:39 | Create | Scout Cavalry |
| 23:39 | Create | Villager (Male) |
| 23:41 | Build | Farm |
| 23:42 | Research | Forging |
| 23:42 | Research | Forging |
| 23:50 | Build | Stone Wall |
| 23:51 | Build | Stone Wall |
| 23:51 | Build | Stone Wall |
| 23:52 | Build | Stone Wall |
| 23:52 | Build | Stone Wall |
| 24:03 | Build | House |
| 24:06 | Build | Palisade Wall |
| 24:19 | Build | Gate |
| 24:21 | Build | Stone Wall |
| 24:23 | Build | Stone Wall |
| 24:25 | Build | Stone Wall |
| 24:39 | Build | Watch Tower |
| 24:42 | Build | Stone Wall |
| 24:43 | Build | Stone Wall |
| 24:44 | Build | Stone Wall |
| 25:01 | Build | Farm |
| 25:01 | Build | Farm |
| 25:23 | Create | Villager (Male) |
| 25:27 | Build | Watch Tower |
| 25:32 | Build | Lumber Camp |
| 25:36 | Build | Farm |
| 25:36 | Build | Farm |
| 25:37 | Build | Farm |
| 25:37 | Build | Farm |
| 25:37 | Build | Farm |
| 25:41 | Build | Market |
| 25:51 | Build | Stone Wall |
| 25:52 | Build | Stone Wall |
| 26:07 | Build | Watch Tower |
| 26:14 | Build | Stone Wall |
| 26:30 | Build | House |
| 26:33 | Build | Palisade Wall |
| 26:34 | Build | Palisade Wall |
| 26:40 | Create | Villager (Male) |
| 26:43 | Build | Farm |
| 26:45 | Create | Villager (Male) |
| 27:13 | Build | Farm |
| 27:16 | Research | Castle Age |
Build order — Private
First 150 of 183 actions detected
| 0:00 | Create | Villager (Male) |
| 0:01 | Create | Villager (Male) |
| 0:02 | Build | House |
| 0:04 | Build | House |
| 0:18 | Create | Villager (Male) |
| 0:35 | Create | Villager (Male) |
| 1:35 | Create | Villager (Male) |
| 1:58 | Build | Lumber Camp |
| 2:00 | Create | Villager (Male) |
| 2:22 | Create | Villager (Male) |
| 2:54 | Create | Villager (Male) |
| 3:14 | Create | Villager (Male) |
| 3:19 | Build | House |
| 3:36 | Create | Villager (Male) |
| 4:09 | Create | Villager (Male) |
| 4:14 | Build | House |
| 4:20 | Create | Villager (Male) |
| 4:42 | Create | Villager (Male) |
| 4:56 | Create | Villager (Male) |
| 5:04 | Build | Mill |
| 5:39 | Create | Villager (Male) |
| 5:43 | Create | Villager (Male) |
| 5:43 | Research | Loom |
| 6:53 | Build | Palisade Wall |
| 7:02 | Research | Feudal Age |
| 7:35 | Build | Barracks |
| 7:37 | Build | Palisade Wall |
| 7:47 | Build | Palisade Wall |
| 8:13 | Create | Villager (Male) |
| 8:35 | Build | Palisade Wall |
| 8:36 | Build | Palisade Wall |
| 8:36 | Build | Palisade Wall |
| 8:36 | Build | Palisade Wall |
| 8:37 | Build | Palisade Wall |
| 8:38 | Build | Palisade Wall |
| 8:38 | Build | Palisade Wall |
| 9:16 | Age | Feudal Age |
| 9:21 | Build | Watch Tower |
| 9:23 | Research | Double-Bit Axe |
| 9:29 | Create | Villager (Male) |
| 9:33 | Build | Mining Camp |
| 9:56 | Build | House |
| 9:58 | Build | House |
| 10:08 | Create | Villager (Male) |
| 10:16 | Build | House |
| 10:28 | Create | Villager (Male) |
| 10:56 | Create | Villager (Male) |
| 11:08 | Create | Villager (Male) |
| 11:19 | Create | Villager (Male) |
| 11:26 | Build | Blacksmith |
| 11:39 | Build | House |
| 11:42 | Create | Villager (Male) |
| 11:55 | Research | Town Watch |
| 12:23 | Research | Fletching |
| 12:26 | Build | House |
| 12:29 | Create | Villager (Male) |
| 12:29 | Create | Villager (Male) |
| 12:31 | Build | Lumber Camp |
| 12:32 | Create | Villager (Male) |
| 12:48 | Build | House |
| 12:55 | Create | Villager (Male) |
| 13:24 | Create | Villager (Male) |
| 13:53 | Build | Farm |
| 14:00 | Build | Farm |
| 14:09 | Build | Watch Tower |
| 14:26 | Create | Villager (Male) |
| 14:29 | Build | Farm |
| 14:38 | Create | Villager (Male) |
| 14:43 | Build | Farm |
| 14:45 | Build | Farm |
| 15:01 | Create | Villager (Male) |
| 15:26 | Create | Villager (Male) |
| 15:37 | Build | Stable |
| 15:41 | Create | Villager (Male) |
| 16:02 | Create | Villager (Male) |
| 16:33 | Create | Scout Cavalry |
| 16:35 | Create | Villager (Male) |
| 16:37 | Build | Farm |
| 16:41 | Build | Farm |
| 17:24 | Research | Horse Collar |
| 17:27 | Build | Farm |
| 17:28 | Create | Villager (Male) |
| 17:30 | Create | Scout Cavalry |
| 17:37 | Build | House |
| 17:40 | Build | House |
| 17:56 | Create | Villager (Male) |
| 17:56 | Create | Villager (Male) |
| 17:59 | Build | Farm |
| 18:03 | Build | Farm |
| 18:20 | Build | Farm |
| 18:25 | Create | Villager (Male) |
| 18:29 | Build | Farm |
| 18:30 | Create | Villager (Male) |
| 19:07 | Create | Scout Cavalry |
| 19:08 | Create | Villager (Male) |
| 19:11 | Build | Farm |
| 19:15 | Build | Farm |
| 19:22 | Create | Scout Cavalry |
| 19:42 | Create | Scout Cavalry |
| 19:49 | Create | Scout Cavalry |
| 19:54 | Build | Farm |
| 19:57 | Create | Villager (Male) |
| 20:10 | Build | Farm |
| 20:26 | Build | House |
| 20:27 | Create | Villager (Male) |
| 20:31 | Create | Scout Cavalry |
| 20:35 | Build | Farm |
| 20:54 | Create | Villager (Male) |
| 21:00 | Build | Palisade Gate |
| 21:02 | Build | House |
| 21:06 | Create | Villager (Male) |
| 21:08 | Research | Forging |
| 21:12 | Build | Farm |
| 21:18 | Create | Villager (Male) |
| 21:31 | Create | Scout Cavalry |
| 21:36 | Build | Farm |
| 21:39 | Create | Villager (Male) |
| 21:53 | Create | Villager (Male) |
| 21:57 | Build | Mining Camp |
| 22:00 | Create | Villager (Male) |
| 22:31 | Create | Scout Cavalry |
| 22:52 | Build | Market |
| 23:12 | Create | Scout Cavalry |
| 23:18 | Create | Spearman |
| 23:37 | Create | Scout Cavalry |
| 23:38 | Create | Spearman |
| 23:39 | Create | Villager (Male) |
| 23:48 | Build | Watch Tower |
| 23:56 | Build | House |
| 24:57 | Research | Castle Age |
| 25:06 | Create | Spearman |
| 25:06 | Create | Spearman |
| 25:09 | Build | House |
| 25:12 | Build | House |
| 25:20 | Build | Watch Tower |
| 25:36 | Create | Spearman |
| 25:41 | Build | Palisade Gate |
| 25:43 | Build | Palisade Wall |
| 25:43 | Build | Farm |
| 25:46 | Research | Gold Mining |
| 25:51 | Research | Stone Mining |
| 26:49 | Research | Scale Barding Armor |
| 26:53 | Research | Bloodlines |
| 27:00 | Build | Mining Camp |
| 27:28 | Create | Villager (Male) |
| 27:37 | Age | Castle Age |
| 27:39 | Research | Bodkin Arrow |
| 27:41 | Create | Unit 1944 |
| 28:06 | Build | Castle |
| 28:23 | Build | Lumber Camp |
Match timeline
| 6:53 | Private · wall_segment Palisade Wall x4 |
| 7:35 | Private · first_building Barracks |
| 7:37 | Private · wall_segment Palisade Wall x6 |
| 7:47 | Private · wall_segment Palisade Wall x8 |
| 8:35 | Private · wall_segment Palisade Wall x1 |
| 8:36 | Private · wall_segment Palisade Wall x1 |
| 8:36 | Private · wall_segment Palisade Wall x1 |
| 8:36 | Private · wall_segment Palisade Wall x1 |
| 8:37 | Private · wall_segment Palisade Wall x1 |
| 8:38 | Private · wall_segment Palisade Wall x1 |
| 8:38 | Private · wall_segment Palisade Wall x1 |
| 8:40 | Guthrie_Govan · age_up feudal |
| 9:16 | Private · age_up feudal |
| 10:04 | Guthrie_Govan · wall_segment Palisade Wall x1 |
| 10:05 | Guthrie_Govan · wall_segment Palisade Wall x1 |
| 10:06 | Guthrie_Govan · wall_segment Palisade Wall x1 |
| 15:33 | Guthrie_Govan · first_building Barracks |
| 15:37 | Private · first_building Stable |
| 17:16 | Guthrie_Govan · first_building Stable |
| 22:07 | Guthrie_Govan · wall_segment Palisade Wall x1 |
| 22:46 | Guthrie_Govan · wall_segment Stone Wall x1 |
| 22:46 | Guthrie_Govan · wall_segment Stone Wall x1 |
| 22:47 | Guthrie_Govan · wall_segment Stone Wall x1 |
| 22:47 | Guthrie_Govan · wall_segment Stone Wall x1 |
| 23:50 | Guthrie_Govan · wall_segment Stone Wall x1 |
| 23:51 | Guthrie_Govan · wall_segment Stone Wall x1 |
| 23:51 | Guthrie_Govan · wall_segment Stone Wall x1 |
| 23:52 | Guthrie_Govan · wall_segment Stone Wall x1 |
| 23:52 | Guthrie_Govan · wall_segment Stone Wall x1 |
| 24:06 | Guthrie_Govan · wall_segment Palisade Wall x1 |
| 24:21 | Guthrie_Govan · wall_segment Stone Wall x1 |
| 24:23 | Guthrie_Govan · wall_segment Stone Wall x1 |
| 24:25 | Guthrie_Govan · wall_segment Stone Wall x1 |
| 24:42 | Guthrie_Govan · wall_segment Stone Wall x1 |
| 24:43 | Guthrie_Govan · wall_segment Stone Wall x1 |
| 24:44 | Guthrie_Govan · wall_segment Stone Wall x1 |
| 25:43 | Private · wall_segment Palisade Wall x1 |
| 25:51 | Guthrie_Govan · wall_segment Stone Wall x1 |
| 25:52 | Guthrie_Govan · wall_segment Stone Wall x1 |
| 26:14 | Guthrie_Govan · wall_segment Stone Wall x1 |
| 26:33 | Guthrie_Govan · wall_segment Palisade Wall x1 |
| 26:34 | Guthrie_Govan · wall_segment Palisade Wall x1 |
| 27:05 | Guthrie_Govan · first_market_buy 100 food |
| 27:06 | Guthrie_Govan · first_market_sell 100 wood |
| 27:37 | Private · age_up castle |
| 28:01 | Private · first_market_buy 100 stone |
| 28:06 | Private · first_building Castle |
| 28:07 | Guthrie_Govan · wall_segment Stone Wall x1 |
| 28:07 | Guthrie_Govan · wall_segment Stone Wall x1 |
| 28:08 | Guthrie_Govan · wall_segment Stone Wall x1 |
| 29:07 | Private · first_market_sell 100 food |
| 29:49 | Guthrie_Govan · wall_segment Palisade Wall x1 |
| 29:56 | Guthrie_Govan · age_up castle |
| 30:13 | Private · first_building Siege Workshop |
| 31:00 | Guthrie_Govan · wall_segment Stone Wall x1 |
| 31:00 | Guthrie_Govan · wall_segment Stone Wall x1 |
| 31:01 | Guthrie_Govan · wall_segment Stone Wall x1 |
| 31:02 | Guthrie_Govan · wall_segment Stone Wall x1 |
| 31:03 | Guthrie_Govan · wall_segment Stone Wall x1 |
| 31:03 | Guthrie_Govan · wall_segment Stone Wall x1 |
| 32:15 | Private · first_building Monastery |
| 32:43 | Guthrie_Govan · wall_segment Palisade Wall x1 |
| 32:45 | Guthrie_Govan · wall_segment Palisade Wall x1 |
| 33:02 | Guthrie_Govan · wall_segment Palisade Wall x1 |
| 33:05 | Guthrie_Govan · wall_segment Palisade Wall x1 |
| 34:14 | Guthrie_Govan · resign |
[ AI ANALYSIS · 1 CREDIT ]
What really happened in this match?
Wolo.gg analyzes every decision: build order, eco, micro, common mistakes by bracket. Personalized analysis on WhatsApp or Discord in 30 seconds.
Civ guide
Teutons
Perfil
Jugador #4224302